 Dungeon Crawl Stone Soup version 0.23.2-1-ga50397a (webtiles) character file.

Game seed: 4680246167550296996

248 Bluemoon111 the Digger (level 6, 0/32 HPs)
             Began as a Gargoyle Earth Elementalist on May 28, 2019.
             Was a Follower of Vehumet.
             Killed by divine providence
             ... invoked by an orc priest
              (11 damage)
             ... on level 3 of the Dungeon.
             The game lasted 00:09:47 (2642 turns).

Bluemoon111 the Digger (GrEE)                       Turns: 2642, Time: 00:09:48

Health: 0/32       AC:  7    Str: 11    XL:     6   Next: 12%
Magic:  0/11       EV: 12    Int: 18    God:    Vehumet [*.....]
Gold:   109        SH:  0    Dex: 10    Spells: 8/12 levels left

rFire    + . .     SeeInvis .   r - +0 flail
rCold    . . .     Gourm    .   (no shield)
rNeg     + . .     Faith    .   m - +1 robe {MR+}
rPois    ∞         Spirit   .   (helmet restricted)
rElec    +         Reflect  .   (no cloak)
rCorr    .         Harm     .   (no gloves)
MR       +....                  (no boots)
Stlth    ++........             k - amulet of regeneration
HPRegen  0.50/turn              (no ring)
MPRegen  0.12/turn              (no ring)

@: very slightly contaminated
A: horns 1, talons 1, fire resistance 1, negative energy resistance 1,
electricity resistance, unbreathing, petrification resistance, rot immunity, AC
+4
a: Renounce Religion


You were on level 3 of the Dungeon.
You worshipped Vehumet.
Vehumet was aware of your devotion.
You were not hungry.

You visited 1 branch of the dungeon, and saw 3 of its levels.

You collected 109 gold pieces.

Inventory:

Hand Weapons
 e - a +4 dagger of electrocution
 r - a +0 flail (weapon)
 u - a +0 morningstar
Missiles
 b - 101 stones (quivered)
Armour
 m - a +1 robe of magic resistance (worn)
 o - a +0 helmet
 s - a +2 leather armour of cold resistance
Jewellery
 k - an amulet of regeneration (around neck)
Scrolls
 a - 2 scrolls of blinking {unknown}
 c - a scroll of noise {unknown}
 g - 2 scrolls of random uselessness {unknown}
 i - 4 scrolls of remove curse {unknown}
 j - a scroll of identify {unknown}
 n - a scroll of teleportation {unknown}
Potions
 f - 2 potions of curing {unknown}
 h - a potion of cancellation {unknown}
 l - a potion of brilliance {unknown}
 p - a potion of resistance {unknown}
 q - a potion of mutation
 t - a potion of flight {unknown}
Comestibles
 d - 11 rations
 v - 2 chunks of flesh


   Skills:
 - Level 1.5 Dodging
 - Level 2.1 Stealth
 + Level 3.8 Spellcasting
 + Level 3.0 Conjurations
   Level 0.7 Transmutations
 + Level 5.6 Earth Magic


You had 8 spell levels left.
You knew the following spells:

 Your Spells              Type           Power        Failure   Level  Hunger
a - Sandblast             Erth           ###...       1%          1    None
b - Stone Arrow           Conj/Erth      ###...       8%          3    ###....

Your spell library contained the following spells:

 Spells                   Type           Power        Failure   Level  Hunger
 Shock                    Conj/Air       #...         9%          1    None
 Passwall                 Tmut/Erth      ##......     6%          2    ##.....
 Petrify                  Tmut/Erth      ##......     38%         4    ####...
 Lee's Rapid Deconstruct  Erth           ###.......   38%         5    ######.


Dungeon Overview and Level Annotations

Branches:
Dungeon (3/15)

Altars:
Ashenzari
Hepliaklqana
Nemelex Xobeh
Okawaru
Sif Muna
Vehumet


Innate Abilities, Weirdness & Mutations

You are resistant to torment.
Your stone body is resilient. (AC +4)
You are immune to poison.
You resist negative energy. (rN+)
You are resistant to electric shocks. (rElec)
You can survive without breathing.
You are immune to petrification.
You are immune to rotting.
You have a pair of small horns on your head.
You have sharp toenails.
Your flesh is heat resistant. (rF+)


Message History

Aim: an orc priest, wielding a +0 flail and wearing a +0 leather armour (heavily wounded)
The blast of sand hits the orc priest.
The orc priest is severely wounded.
b - 102 stones The orc priest invokes the aid of Beogh against you.
You resist with some effort.
Casting: Sandblast (safe; 1% risk of failure)
Confirm with . or Enter, or press ? or * to list all spells.
Aiming: Sandblast (safe; 1% risk of failure)
Press: ? - help, Shift-Dir - straight line, f/p - orc priest
Aim: an orc priest, wielding a +0 flail and wearing a +0 leather armour (severely wounded)
The blast of sand misses the orc priest.
The blast of sand hits the adder!!
You kill the adder!
Vehumet accepts your kill.
Your Conjurations skill increases to level 3!
b - 101 stones The orc priest invokes the aid of Beogh against you.
Beogh smites you!
You die...

#...g #...#........###
#...#####....#........###
#............#.........##
#...........#.........##
##.........##.........##
###......##..........##
####S###...........#≈ #o#
#...........##
#@###...........##
#...............##
#...............##
#.............####
#...............##
#........######[##
#........# #)##
#........# #.).
########## ####


You could see an orc priest and an adder.

Vanquished Creatures
  Jessica (D:2)
  Terence (D:2)
  Robin (D:2)
  A gnoll (D:2)
  5 adders
  2 worms (D:3)
  2 dart slugs
  A leopard gecko (D:1)
  16 orcs
  2 ball pythons
  3 giant cockroaches
  15 goblins
  9 hobgoblins
  8 jackals
  13 kobolds
  A quokka (D:2)
  8 bats
  5 frilled lizards
  7 rats
101 creatures vanquished.

Notes
Turn   | Place    | Note
-------+----------+-------------------------------------------
     0 | D:1      | Bluemoon111 the Gargoyle Earth Elementalist began the quest
                  | for the Orb.
     0 | D:1      | Reached XP level 1. HP: 10/10 MP: 3/3
   194 | D:1      | Reached XP level 2. HP: 5/15 MP: 3/5
   196 | D:1      | Reached skill level 4 in Earth Magic
   641 | D:1      | Reached XP level 3. HP: 17/19 MP: 3/6
   972 | D:1      | Learned a level 3 spell: Stone Arrow
  1120 | D:2      | Found a shattered altar of Ashenzari.
  1203 | D:2      | Reached skill level 1 in Conjurations
  1206 | D:2      | Reached XP level 4. HP: 17/24 MP: 0/8
  1209 | D:2      | Found an iron altar of Okawaru.
  1403 | D:2      | Noticed Jessica
  1406 | D:2      | Noticed Robin
  1424 | D:2      | Killed Robin
  1454 | D:2      | Killed Jessica
  1454 | D:2      | Reached skill level 5 in Earth Magic
  1454 | D:2      | Reached XP level 5. HP: 28/28 MP: 4/9
  1535 | D:2      | Found a hazy altar of Hepliaklqana.
  1555 | D:2      | Found a radiant altar of Vehumet.
  1564 | D:2      | Became a worshipper of Vehumet
  1646 | D:2      | Noticed Terence
  1653 | D:2      | Killed Terence
  2116 | D:3      | Reached * piety under Vehumet
  2116 | D:3      | Offered knowledge of Shock by Vehumet.
  2202 | D:3      | Found a sparkling altar of Nemelex Xobeh.
  2412 | D:3      | Reached XP level 6. HP: 30/32 MP: 11/11
  2477 | D:3      | Found a deep blue altar of Sif Muna.
  2634 | D:3      | Gained mutation: You have a pair of small horns on your
                  | head. [potion of mutation]
  2634 | D:3      | Gained mutation: You have sharp toenails. [potion of
                  | mutation]
  2634 | D:3      | Gained mutation: Your flesh is heat resistant. (rF+)
                  | [potion of mutation]
  2642 | D:3      | Killed from afar by an orc priest

Skill      XL: |  1  2  3  4  5  6 |
---------------+-------------------+-----
Earth Magic    | 4 5 |  5.6
Conjurations   | 1 2 3 |  3.0
Spellcasting   | 3 |  3.8
Dodging        | |  1.5
Stealth        | |  2.1
Transmutations | |  0.7

Action                   |  1- 3 |  4- 6 || total
-------------------------+-------+-------++-------
Melee: Unarmed           |    22 |       ||    22
       Whip              |    11 |       ||    11
       Mace              |    42 |    45 ||    87
       Flail             |       |    73 ||    73
       Dagger            |       |    42 ||    42
 Cast: Sandblast         |    24 |    49 ||    73
       Stone Arrow       |       |     2 ||     2
  Use: Potion            |       |     1 ||     1
 Stab: Sleeping          |     1 |       ||     1
  Eat: Chunk             |     1 |     5 ||     6
Armor: Robe              |    50 |    89 ||   139
Dodge: Dodged            |    93 |   151 ||   244
